 Dungeon Crawl Stone Soup version 0.30-a0-1103-g25895a7845 (webtiles) character file.

Game seed: 13707515645263734597

39 demibob the Shield-Bearer (level 3, -2/27 HPs)
             Began as a Demonspawn Wanderer on Apr 18, 2023.
             Slain by Sigmund
             ... wielding a +2 scythe of freezing
              (3 damage)
             ... on level 2 of the Dungeon.
             The game lasted 00:01:24 (961 turns).

demibob the Shield-Bearer (Demonspawn Wanderer)      Turns: 961, Time: 00:01:25

Health: -2/27      AC:  8    Str: 14    XL:     3   Next: 26%
Magic:  3/3        EV:  8    Int:  9    God:
Gold:   119        SH:  7    Dex: 16    Spells: 2/2 levels left

rFire   + . .      SeeInvis .    a - +0 short sword
rCold   + . .      Faith    .    b - +2 buckler
rNeg    . . .      Spirit   .    c - +0 scale mail
rPois   +          Reflect  .    (no helmet)
rElec   +          Rampage  .    (no cloak)
rCorr   +                        (no gloves)
Will    .....                    (no boots) Stlth
                                 (no amulet)
HPRegen 0.24/turn                (no ring)
MPRegen 0.08/turn                (no ring)

@: brilliant, resistant
A: molten scales 1, powered by death 1
a: no special abilities


You were on level 2 of the Dungeon.
You visited 1 branch of the dungeon, and saw 2 of its levels.

You collected 119 gold pieces.


Innate Abilities, Weirdness & Mutations

You are partially covered in molten scales. (AC +2)
You regenerate a little health from kills.


   Skills:
 - Level 2.0 Fighting
 * Level 3.0 Short Blades
 - Level 1.7 Armour
 - Level 4.5 Shields


You had 2 spell levels left.
You didn't know any spells.
Your spell library was empty.

Inventory:

Hand Weapons
 a - a +0 short sword (weapon)
Armour
 b - a +2 buckler (worn)
 c - a +0 scale mail (worn)
Scrolls
 e - a scroll of identify {unknown}
 f - a scroll of fog {unknown}
 j - a scroll of teleportation {unknown}
 k - a scroll of blinking {unknown}
 l - a scroll of noise {unknown}
 m - a scroll of acquirement {unknown}
Potions
 d - a potion of attraction

Dungeon Overview and Level Annotations

Branches:
Dungeon (2/15)

Altars:

Annotations:
D:2 Sigmund

## . .)#.##....# #.##.
#.#.##....#
#..#.####.#.......#
#.#.#....#.##....# #
#...#.#....##....# ##
#.........##....####
..#####..##....##{......#
......#....#....@..#
......#..###..######
..........##..#
(......##.>..##
.......##########
######..........#
##########.#
######......###.#
....##.##.......#


There were no monsters in sight!


Message History

You hit the ball python.
You kill the ball python!
Something hits you but does no damage.
You barely miss the kobold. The kobold barely misses you.
You hit the kobold but do no damage. Something hits you.
The kobold barely misses you.
You hit the kobold.
You kill the kobold!
Something hits you! Something freezes you.
Things that are here:
a +0 short sword; a kobold corpse; a ball python corpse You hit something.
You hear some strange, mumbled words.
A magic dart appears from out of thin air!
The magic dart hits you.
* * * LOW HITPOINT WARNING * * *
You closely miss something. Something hits you but does no damage.
You hit something. You hit something. You block something's attack.
You hit something but do no damage. You closely miss something.
Something hits you but does no damage.
You hit something but do no damage. Something hits you!
* * * LOW HITPOINT WARNING * * *
Something freezes you.
* * * LOW HITPOINT WARNING * * *
You hit something.
Okay, then.
Okay, then.
You miss something. Something hits you.
You die...

Skill      XL: |  1  2 |
---------------+-------+-----
Short Blades   | 2 3 |  3.0
Fighting       | |  2.0
Armour         | |  1.7
Shields        | |  4.5

Action                     || total
---------------------------++-------
  Melee: Short sword       ||   128
    Use: Potion            ||     3
 Armour: Scale mail        ||    61
  Dodge: Dodged            ||    37
  Block: Buckler           ||    46

Levels and vault maps discovered:
D:1:      lightli_arrival_windingriver, layout_basic, serial_park_tiny_2
D:2:      layout_basic, shapermc_ecumenical_altar_flowoftime, uniq_sigmund

Notes
Turn   | Place    | Note
-------+----------+-------------------------------------------
     0 | D:1      | demibob the Demonspawn Wanderer began the quest for the
                  | Orb.
     0 | D:1      | demibob set off with the following items: a +0 short sword,
                  | a +2 buckler, a +0 scale mail, a potion of attraction.
     0 | D:1      | Reached XP level 1. HP: 16/16 MP: 1/1
   148 | D:1      | Reached skill level 2 in Short Blades
   148 | D:1      | Gained mutation: You regenerate a little health from kills.
                  | [demonic ancestry]
   148 | D:1      | Reached XP level 2. HP: 22/22 MP: 2/2
   855 | D:2      | Reached skill level 3 in Short Blades
   855 | D:2      | Gained mutation: You are partially covered in molten
                  | scales. (AC +2) [demonic ancestry]
   855 | D:2      | Reached XP level 3. HP: 27/27 MP: 3/3
   942 | D:2      | Noticed Sigmund
   944 | D:2      | Identified a potion of resistance
   959 | D:2      | HP: 2/27 [something (10)]
   961 | D:2      | Slain by Sigmund

Vanquished Creatures
  An adder (D:2)
  2 dart slugs (D:1)
  2 bats (D:1)
  2 endoplasms (D:1)
  A giant cockroach (D:1)
  2 hobgoblins (D:1)
  3 jackals (D:1)
  2 quokkas (D:1)
  A ball python (D:2)
  2 frilled lizards (D:1)
  3 kobolds
  4 rats (D:1)
25 creatures vanquished.

Table legend: (Time is in decaauts)
 A = Elapsed time spent in this place.
 B = Non-inter-level travel time spent in this place.
 C = Inter-level travel time spent in this place.
 D = Time resting spent in this place.
 E = Time spent auto-exploring this place.
 F = Levels seen in this place.
 G = Mean time per level.
                   A        B        C        D        E       F      G
               +--------+--------+--------+--------+--------+-----+--------+
         Total |    953 |    917 |     36 |      0 |    694 |   2 |  476.5 |
       Dungeon |    953 |    917 |     36 |      0 |    694 |   2 |  476.5 |
               +--------+--------+--------+--------+--------+-----+--------+

Top non-repeatable levels by time:
     D:1: 844 daAuts
     D:2: 109 daAuts

Table legend:
 A = Non-vault XP
 B = Vault XP
 C = Vault XP percentage of total XP
 D = Non-vault monster count
 E = Vault monster count
 F = Vault count percentage of total count
                 A         B        C        D         E       F
            +---------+---------+-------+---------+---------+-------
      Total |      56 |       0 |   0.0 |      25 |       0 |   0.0
            +---------+---------+-------+---------+---------+-------
        D:1 |      40 |       0 |   0.0 |      22 |       0 |   0.0
        D:2 |      16 |       0 |   0.0 |       3 |       0 |   0.0
            +---------+---------+-------+---------+---------+-------
